 Dungeon Crawl Stone Soup version 0.27-a0-1434-g6f15984924 (webtiles) character file.

Game seed: 7998628922876039119

155 Drevant2 the Charlatan (level 5, -2/41 HPs)
             Began as a Draconian Artificer on July 3, 2021.
             Slain by Crazy Yiuf (7 damage)
             ... on level 4 of the Dungeon.
             The game lasted 00:12:27 (5321 turns).

Drevant2 the Charlatan (Draconian Artificer)        Turns: 5321, Time: 00:12:28

Health: -2/41      AC:  5    Str: 20    XL:     5   Next: 14%
Magic:  5/5        EV: 12    Int: 13    God:
Gold:   47         SH:  0    Dex: 11    Spells: 4/4 levels left

rFire    . . .     SeeInvis .   k - +1 dagger (venom)
rCold    . . .     Faith    .   (no shield)
rNeg     . . .     Spirit   .   (armour unavailable)
rPois    .         Reflect  .   (helmet restricted)
rElec    .         Harm     .   (no cloak)
rCorr    +         Rampage  .   (no gloves)
Will     .....                  (no boots)
Stlth    +.........             r - amulet of the acrobat
HPRegen  0.13/turn              y - +6 ring of strength
MPRegen  0.09/turn              h - ring of resist corrosion

@: mighty
A: AC +5, unfitting armour, cold-blooded
a: no special abilities


You were on level 4 of the Dungeon.
You visited 1 branch of the dungeon, and saw 4 of its levels.

You collected 95 gold pieces.
You spent 48 gold pieces at shops.

Inventory:

Hand Weapons
 a - a +0 club
 f - a +0 dagger
 i - a +0 short sword
 k - a +1 dagger of venom (weapon)
Missiles
 v - a throwing net
Magical Staves
 w - a staff of conjuration
Jewellery
 h - a ring of resist corrosion (right hand)
 r - an amulet of the acrobat (around neck)
 y - a +6 ring of strength (left hand)
Wands
 b - a wand of flame (6) (quivered)
 c - a wand of charming (15)
 A - a wand of paralysis (9)
Scrolls
 e - a scroll of magic mapping {unknown}
 g - a scroll of teleportation {unknown}
 l - a scroll of brand weapon {unknown}
 m - 2 scrolls of identify {unknown}
 n - a scroll of fear {unknown}
 p - a scroll of vulnerability {unknown}
 s - a scroll of blinking {unknown}
 x - a scroll of summoning {unknown}
 B - a scroll of enchant weapon {unknown}
Potions
 j - 3 potions of heal wounds {unknown}
 o - 2 potions of brilliance {unknown}
 q - a potion of attraction {unknown}
 t - a potion of curing {unknown}
 u - a potion of might
 z - a potion of invisibility {unknown}
Miscellaneous
 d - a piece from Xom's chessboard (15/15)


   Skills:
 - Level 2.0 Fighting
 * Level 3.4 Short Blades
 - Level 2.1 Dodging
 - Level 0.8 Stealth
 - Level 4.1 Evocations


You had 4 spell levels left.
You didn't know any spells.
Your spell library was empty.

Dungeon Overview and Level Annotations

Branches:
Dungeon (4/15)
 Temple: D:4-7

Altars:
Fedhas
Kikubaaqudgha
Makhleb

Shops:
D:1 *=![

Annotations:
D:4 1 runed translucent door, Crazy Yiuf


Innate Abilities, Weirdness & Mutations

Your plain brown scales are hard. (AC +5)
You cannot fit into any form of body armour.
You are cold-blooded and may be slowed by cold attacks.


Message History

a +0 falchion; a +0 dagger; a +0 robe An orc warrior is nearby!
An orc warrior is nearby!
An orc warrior is nearby!
You see here a +0 long sword.
There is a stone staircase leading up here.
You climb upwards.
There is a stone staircase leading down here.
You start resting.
HP restored.
There is a stone staircase leading down here.
You climb downwards.
There is a stone staircase leading up here.
You see here a +0 trident.
You stumble into a teleport trap!
You are suddenly yanked towards a nearby monster!
Your surroundings suddenly seem different.
Crazy Yiuf the Enlightened comes into view.
He is wielding a +2 quarterstaff of chaos.
Crazy Yiuf shouts!
Found a twisted mace.
Found a runed translucent door.
You completely miss Crazy Yiuf.
Your tail-slap misses Crazy Yiuf.
Crazy Yiuf hits you with a +2 quarterstaff of chaos!
You barely miss Crazy Yiuf.
Your tail-slap misses Crazy Yiuf.
Crazy Yiuf hits you but does no damage.
You completely miss Crazy Yiuf.
Your tail-slap misses Crazy Yiuf.
Crazy Yiuf grits, "Gum!"
Crazy Yiuf hits you with a +2 quarterstaff of chaos!
Crazy Yiuf freezes you.
* * * LOW HITPOINT WARNING * * *
You hit Crazy Yiuf.
Crazy Yiuf is poisoned.
Crazy Yiuf is lightly wounded.
Crazy Yiuf completely misses you.
You hit Crazy Yiuf.
Crazy Yiuf looks as sick as possible!
You tail-slap Crazy Yiuf, but do no damage.
Crazy Yiuf is moderately wounded.
Crazy Yiuf hits you with a +2 quarterstaff of chaos!
* * * LOW HITPOINT WARNING * * *
You feel very mighty all of a sudden.
Crazy Yiuf hits you with a +2 quarterstaff of chaos!
You die...

#.# #..........# #.#
###########..........#######
#.#
#>..........................
#.#
#.###############.##########
#.###.## #.# #...o..####
##### #.# #.o.......# #..)#
#.########## #.###.....#
#.g.# #........... #.#
#..#### #.@.# #.####......
#.###..# ##+## #.# #......
#......# #.# #.# #......
#.###.## .## #.####......
##)###.# . #....'......
#......# .# #.####......
.)o....... # #.# #......
#......... #.# #......
.........< #.# ###....


You could see Crazy Yiuf (extremely poisoned).

Vanquished Creatures
  An orc priest (D:4)
  An orc wizard (D:4)
  An adder (D:3)
  3 worms
  2 dart slugs
  An orc (D:4)
  7 ball pythons
  6 bats
  10 endoplasms
  2 giant cockroaches
  7 goblins
  6 hobgoblins
  9 jackals (D:1)
  6 kobolds
  3 quokkas
  4 frilled lizards
  4 rats
73 creatures vanquished.

Vanquished Creatures (others)
  2 fungi (D:4)
  5 plants (D:1)
7 creatures vanquished.

Grand Total: 80 creatures vanquished

Notes
Turn   | Place    | Note
-------+----------+-------------------------------------------
     0 | D:1      | Drevant2 the Draconian Artificer began the quest for the
                  | Orb.
     0 | D:1      | Reached XP level 1. HP: 16/16 MP: 1/1
   788 | D:1      | Reached XP level 2. HP: 21/23 MP: 2/2
  1396 | D:1      | Found a faded altar of an unknown god.
  1401 | D:1      | Reached skill level 4 in Evocations
  1706 | D:1      | HP: 1/23 [kobold (1)]
  1712 | D:1      | Reached XP level 3. HP: 1/28 MP: 3/3
  2187 | D:1      | Found Kuhisomi's Jewellery Shop.
  2600 | D:1      | Found Fukuug's Antique Armour Boutique.
  2652 | D:1      | Found Ipeo's Distillery.
  2772 | D:1      | Found Duirih Hiof's General Store.
  3081 | D:1      | Reached skill level 1 in Short Blades
  3647 | D:2      | Reached XP level 4. HP: 36/36 MP: 4/4
  3873 | D:3      | Found a burning altar of Makhleb.
  3988 | D:3      | Found a blossoming altar of Fedhas.
  3988 | D:3      | Found an ancient bone altar of Kikubaaqudgha.
  4043 | D:1      | Bought a potion of might for 48 gold pieces
  5073 | D:4      | Noticed an orc warrior
  5077 | D:4      | Reached XP level 5. HP: 24/41 MP: 5/5
  5315 | D:4      | Found a runed translucent door.
  5315 | D:4      | Noticed Crazy Yiuf
  5321 | D:4      | Slain by Crazy Yiuf

Illustrated notes

Levels and vault maps discovered:
D:1:      giann_bridges, layout_rooms, serial_shops, nicolae_square_shop,
          nicolae_shop_trees, nicolae_shop_trees, shop,
          hellmonk_ecumenical_altar_arch_garden, minmay_misc_feat_diagonals,
          hangedman_feature_mirror, minmay_pentomino_q2
D:2:      layout_basic
D:3:      layout_rooms, grunt_temple_overflow_growth_and_decay,
          lightli_temple_of_fire
D:4:      layout_basic, kennysheep_little_box, guppyfry_early_orc_mine,
          uniq_crazy_yiuf_cottage, uniq_robin

Skill      XL: |  1  2  3  4 |
---------------+-------------+-----
Evocations     | 4 |  4.1
Fighting       | 2 |  2.0
Short Blades   | 1 3 |  3.4
Dodging        | |  2.1
Stealth        | |  0.8

Action                   |  1- 3 |  4- 6 || total
-------------------------+-------+-------++-------
Melee: Club              |    54 |       ||    54
       Tailslap          |    33 |     7 ||    40
       Dagger            |   127 |    64 ||   191
       Short sword       |    39 |       ||    39
Evoke: Wand              |     7 |     2 ||     9
       Piece from Xom's  |     6 |     1 ||     7
  Use: Potion            |     1 |     1 ||     2
Armor: Skin              |    74 |    15 ||    89
Dodge: Dodged            |   131 |    21 ||   152

Table legend: (Time is in decaauts)
 A = Elapsed time spent in this place.
 B = Non-inter-level travel time spent in this place.
 C = Inter-level travel time spent in this place.
 D = Time resting spent in this place.
 E = Time spent auto-exploring this place.
 F = Levels seen in this place.
 G = Mean time per level.
                   A        B        C        D        E       F      G
               +--------+--------+--------+--------+--------+-----+--------+
         Total |   5347 |   4697 |    650 |   2415 |   1327 |   4 | 1336.8 |
       Dungeon |   5347 |   4697 |    650 |   2415 |   1327 |   4 | 1336.8 |
               +--------+--------+--------+--------+--------+-----+--------+

Top non-repeatable levels by time:
     D:1: 2928 daAuts
     D:2: 1021 daAuts
     D:3: 771 daAuts
     D:4: 626 daAuts
